 Dungeon Crawl Stone Soup version 0.23-a0-696-gf95311e5ea (webtiles) character file.

1775 LLavrengius the Tainter (level 9, -10/64 HPs)
             Began as an Octopode Venom Mage on Jan 12, 2019.
             Was an Initiate of Gozag.
             Mangled by a wight
             ... wielding a +2 morningstar
              (15 damage)
             ... on level 5 of the Dungeon.
             The game lasted 00:32:52 (7712 turns).

LLavrengius the Tainter (Octopode Venom Mage)       Turns: 7712, Time: 00:32:54

Health: -10/64     AC:  2    Str:  7    XL:     9   Next: 8%
Magic:  14/15      EV: 30    Int: 21    God:    Gozag
Gold:   376        SH:  0    Dex: 22    Spells: 2/16 levels left

rFire    . . .     SeeInvis +   (weapon currently unavailable)
rCold    . . .     Gourm    .   (shield currently unavailable)
rNeg     . . .     Faith    .   (helmet currently unavailable)
rPois    x         Spirit   .   (no amulet)
rElec    .         Reflect  .   l - ring of see invisible
rCorr    .         Harm     .   v - +1 ring of evasion
MR       .....                  e - +2 ring of evasion
Stlth    +++.......             A - ring of wizardry
HPRegen  0.20/turn              (no ring)
MPRegen  0.14/turn              (no ring)
                                (no ring)
                                (no ring)

@: agile, spider-form, hasted, drained, invisible, very quick
A: tiny, almost no armour, stealthy swim, (amphibious), 8 rings, (constrict 8)
a: End Transformation, Potion Petition, Call Merchant, Bribe Branch, Renounce
Religion


You were on level 5 of the Dungeon.
You worshipped Gozag.
Gozag was aware of your devotion.
You were not hungry.
You were a venomous arachnid creature.
You visited 2 branches of the dungeon, and saw 7 of its levels.

You collected 484 gold pieces.
You paid 108 gold pieces to Gozag.

Inventory:

Hand Weapons
 n - a +0 hunting sling
 s - a +1 antimagic spear
 u - a +2 falchion of draining (melded)
 w - a +0 blowgun
Missiles
 o - 90 stones (quivered)
 r - 3 curare-tipped needles
 t - 11 poisoned needles
 y - 8 javelins of returning
Jewellery
 e - a +2 ring of evasion (on tentacle)
 l - a ring of see invisible (left front leg)
 v - a +1 ring of evasion (right front leg)
 A - a ring of wizardry (on tentacle)
Wands
 k - a wand of polymorph (6)
 B - a wand of clouds (3)
Scrolls
 d - a scroll of brand weapon {unknown}
 h - a scroll of enchant weapon
 q - a scroll of remove curse
 x - a scroll of identify
Potions
 a - a potion of agility {unknown}
 c - a potion of curing {unknown}
 f - 2 potions of might {unknown}
 g - a potion of heal wounds
 i - 3 potions of haste
 j - 3 potions of flight {unknown}
 m - a potion of mutation {unknown}
 p - a potion of degeneration {unknown}
 z - a potion of invisibility {unknown}
Comestibles
 b - 10 rations


   Skills:
 + Level 7.4(6.3) Fighting
 + Level 4.2(3.2) Dodging
 - Level 3.0(2.0) Stealth
 - Level 4.0(3.0) Spellcasting
 - Level 1.0(0.1) Conjurations
 + Level 8.6(7.4) Poison Magic


You had 2 spell levels left.
You knew the following spells:

 Your Spells              Type           Power        Failure   Level  Hunger
a - Spider Form           Tmut/Pois      ###.......   9%          3    ###....
b - Poisonous Vapours     Pois/Air       ###...       5%          2    ##.....
c - Olgreb's Toxic Radia  Pois           ####....     7%          4    ####...
d - Conjure Flame         Conj/Fire      #.......     28%         3    ###....
e - Throw Flame           Conj/Fire      #.....       17%         2    ##.....

Your spell library contained the following spells:

 Spells                   Type           Power        Failure   Level  Hunger
 Sting                    Conj/Pois      ###.         4%          1    None
 Beastly Appendage        Tmut           #.....       12%         1    None
 Flame Tongue             Conj/Fire      #....        12%         1    None
 Sticks to Snakes         Tmut           #.......     17%         2    ##.....
 Mephitic Cloud           Conj/Pois/Air  ##......     13%         3    ###....
 Inner Flame              Hex/Fire       #.......     28%         3    ###....
 Venom Bolt               Conj/Pois      ###.......   45%         5    ######.
 Ice Form                 Ice/Tmut       #.......     61%         4    ####...
 Sticky Flame             Conj/Fire      #.......     61%         4    ####...
 Blade Hands              Tmut           #.........   89%         5    ######.
 Fireball                 Conj/Fire      #.........   89%         5    ######.


Dungeon Overview and Level Annotations

Branches:
Dungeon (6/15)             Temple (1/1) D:6

Altars:
Ashenzari
Dithmenos
Elyvilon
Fedhas
Gozag
Hepliaklqana
Kikubaaqudgha
Nemelex Xobeh
Okawaru
Qazlal
Sif Muna
Trog
Uskayaw
Vehumet
Wu Jian
Yredelemnul
Zin
The Shining One

Shops:
D:4 %   D:6 }

Annotations:
D:3 2 runed doors, iamserjio's ghost, amateur GnMo


Innate Abilities, Weirdness & Mutations

You cannot wear most types of armour.
You are very stealthy in the water. (Stealth+)
((You are amphibious.))
You can wear up to eight rings at the same time.
((You can use your tentacles to constrict eight enemies at once.))
((Your skin changes colour to match your surroundings (Stealth+).))
((Your rubbery body absorbs attacks. (AC +1, EV +1)))


Message History

You hit the wight but do no damage.
The wight is heavily damaged.
The wight completely misses you.
You hit the wight but do no damage.
The wight is heavily damaged.
The wight hits you with a +2 morningstar!
* * * LOW HITPOINT WARNING * * *
You feel drained.
* * * LOW HITPOINT WARNING * * *
Things that are here:
6 gold pieces; a +0 dagger; a +0 robe [a] - 0 gold - invisibility, agility and haste [b] - 0 gold - might and agility [c] - 0 gold - invisibility, agility and resistance Purchase which effect?
You fade into invisibility!
You feel agile all of a sudden.
You feel yourself speed up.
The wight hits you with a +2 morningstar!
You die...
Your body crumbles into a pile of gold.

#.#.# #.##.#. #.#.#
#.##... #.#.#
#######..#### #.#.#
#.........# #.#.#
#.##>####.#
#.#.########.##.#
##.#
#.#....#...##.#.#
#.##
#.####.#....#.#####.#
#.# #$sz...##.# #.##
#.# ###.....#.###.#
#.### #.....##.#.##
#...# ###.####...#
###.# #.# ##'##
#.######.## #...#
#.........# #...#
########..# #.8.#
########### #..#
#.⌠.#


You could see a wight.

Vanquished Creatures
  Pikel (D:6)
  A hippogriff (D:6)
  4 slaves (D:6)
  2 ice beasts (D:5)
  A black bear (D:6)
  2 ogres
  A bullfrog (D:5)
  A wyvern zombie (D:6)
  2 wights (D:5)
  A crimson imp (D:6)
  2 jellies
  Jessica (D:2)
  Crazy Yiuf (D:2)
  Terence (D:2)
  2 iguanas (D:6)
  2 worker ants (D:4)
  3 gnolls (D:5)
  6 adders
  A shadow imp (D:5)
  An adder zombie (D:5)
  An adder skeleton (D:4)
  4 worms
  A dart slug (D:1)
  3 leopard geckos
  5 orcs
  4 ball pythons
  2 bat zombies (D:4)
  14 giant cockroaches
  6 goblins
  8 hobgoblins
  6 jackals
  5 quokkas
  10 bats
  4 frilled lizards
  A jackal skeleton (D:4)
  5 kobolds
  A leopard gecko skeleton (D:5)
  A leopard gecko zombie (D:6)
  2 quokka skeletons
  A quokka zombie (D:4)
  6 rats
  A rat zombie (D:4)
127 creatures vanquished.

Notes
Turn   | Place    | Note
-------+----------+-------------------------------------------
     0 | D:1      | LLavrengius the Octopode Venom Mage began the quest for the
                  | Orb.
     0 | D:1      | Reached XP level 1. HP: 11/11 MP: 3/3
   198 | D:1      | Reached XP level 2. HP: 15/17 MP: 5/5
   249 | D:1      | Reached skill level 4 in Poison Magic
   648 | D:1      | Learned a level 2 spell: Poisonous Vapours
   698 | D:2      | Reached XP level 3. HP: 21/21 MP: 6/6
  1116 | D:2      | Found a sparkling altar of Nemelex Xobeh.
  1161 | D:2      | Noticed Terence
  1170 | D:2      | Killed Terence
  1170 | D:2      | Reached skill level 5 in Poison Magic
  1170 | D:2      | Reached XP level 4. HP: 25/27 MP: 1/8
  1409 | D:2      | Noticed Jessica
  1412 | D:2      | Killed Jessica
  1412 | D:2      | Reached XP level 5. HP: 31/31 MP: 2/10
  1706 | D:2      | Found a runed door.
  1710 | D:2      | Noticed Crazy Yiuf
  1722 | D:2      | Killed Crazy Yiuf
  2330 | D:3      | Found a runed door.
  2529 | D:3      | Learned a level 4 spell: Olgreb's Toxic Radiance
  2695 | D:3      | Found a runed door.
  2713 | D:3      | Noticed iamserjio's ghost (amateur GnMo)
  2751 | D:3      | Reached skill level 1 in Fighting
  3388 | D:4      | Found a bloodstained altar of Trog.
  3409 | D:4      | Reached XP level 6. HP: 25/38 MP: 8/11
  4032 | D:4      | Reached skill level 6 in Poison Magic
  4322 | D:4      | Found an ancient bone altar of Kikubaaqudgha.
  4519 | D:4      | Found Bivorro's Food Shoppe.
  4837 | D:5      | Entered Level 5 of the Dungeon
  4978 | D:5      | Noticed an ice beast
  5281 | D:5      | Noticed an ice beast
  5342 | D:5      | Reached XP level 7. HP: 46/46 MP: 5/13
  5579 | D:6      | Reached skill level 7 in Poison Magic
  5648 | D:6      | Found a staircase to the Ecumenical Temple.
  5654 | Temple   | Entered the Ecumenical Temple
  5841 | Temple   | Became a worshipper of Gozag Ym Sagoz the Greedy
  6175 | D:6      | Reached skill level 5 in Fighting
  6283 | D:6      | Noticed a hippogriff
  6487 | D:6      | Killed a hippogriff
  6487 | D:6      | Reached XP level 8. HP: 57/57 MP: 1/14
  6496 | D:6      | Learned a level 3 spell: Spider Form
  6822 | D:6      | Noticed Pikel
  6837 | D:6      | Killed Pikel
  6837 | D:6      | Reached skill level 8 in Poison Magic
  6935 | D:6      | Found Qojadgh's Gadget Boutique.
  7531 | D:5      | Learned a level 3 spell: Conjure Flame
  7534 | D:5      | Learned a level 2 spell: Throw Flame
  7570 | D:5      | Reached XP level 9. HP: 37/64 MP: 3/15
  7712 | D:5      | Mangled by a wight

Vault maps used:
D:1:      shiori_arrival_oz, minmay_shallow_snake_nest
D:2:      nemelex_xobeh_ov_fountains_minmay, uniq_jessica, uniq_terence,
          uniq_crazy_yiuf_cottage
D:3:      minmay_roachtagon, first_ration, ebering_ghost_sewer_f
D:4:      lemuel_zombie_altar_kikubaaqudgha, lemuel_round_altar, serial_shops,
          shop_fountains
D:5:      marbit_many_paths, grunt_decor_clamped
D:6:      minmay_temple_entry_ruins, serial_shops, shop,
          minmay_misc_feat_diagonals, lemuel_tele_altar, uniq_pikel
Temple:   regret_index_temple_generic_petals

Skill      XL: |  1  2  3  4  5  6  7  8 |
---------------+-------------------------+-----
Stealth        | 3 |  3.0
Poison Magic   | 4 5 6 7 8 |  8.6
Spellcasting   | 3 4 |  4.0
Fighting       | 1 3 6 7 |  7.4
Dodging        | 4 |  4.2
Conjurations   | |  1.0

Action                   |  1- 3 |  4- 6 |  7- 9 || total
-------------------------+-------+-------+-------++-------
Melee: Unarmed           |    10 |       |    31 ||    41
       Constrict         |    24 |    34 |    16 ||    74
       Tentacles         |    16 |    17 |    19 ||    52
       Spear             |    84 |   153 |       ||   237
       Falchion          |       |    11 |    73 ||    84
 Cast: Poisonous Vapours |     3 |    20 |     2 ||    25
       Olgreb's Toxic Ra |       |     9 |    15 ||    24
       Sting             |       |     1 |       ||     1
       Throw Flame       |       |       |     3 ||     3
       Spider Form       |       |       |     2 ||     2
       Conjure Flame     |       |       |     1 ||     1
Invok: Potion Petition   |       |       |     1 ||     1
  Use: Scroll            |       |     8 |       ||     8
       Potion            |       |       |     1 ||     1
 Stab: Sleeping          |    15 |    11 |     3 ||    29
       Distracted        |       |     1 |       ||     1
  Eat: Chunk             |     1 |    15 |     5 ||    21
       Ration            |       |       |     2 ||     2
Armor: Skin              |     8 |     8 |     1 ||    17
Dodge: Dodged            |    67 |    89 |    78 ||   234
       Rpst.: Falchion   |       |     3 |    16 ||    19

Table legend:
 A = Non-vault XP
 B = Vault XP
 C = Vault XP percentage of total XP
 D = Non-vault monster count
 E = Vault monster count
 F = Vault count percentage of total count
                 A         B        C        D         E       F
            +---------+---------+-------+---------+---------+-------
      Total |    1743 |     794 |  31.3 |     101 |      22 |  17.9
            +---------+---------+-------+---------+---------+-------
        D:1 |      22 |       9 |  29.0 |      13 |       5 |  27.8
        D:2 |      66 |     109 |  62.3 |      28 |       3 |   9.7
        D:3 |      64 |      20 |  23.8 |      20 |      10 |  33.3
        D:4 |     102 |       5 |   4.7 |      10 |       3 |  23.1
        D:5 |     702 |       0 |   0.0 |      16 |       0 |   0.0
        D:6 |     787 |     651 |  45.3 |      14 |       1 |   6.7
            +---------+---------+-------+---------+---------+-------
